 Dungeon Crawl Stone Soup version 0.31.0-32-g396128a36d (webtiles) character file.

Game seed: 11105288216724546800

14755 Curundu the Cleaver (level 11, -4/156 HPs)
             Began as a Minotaur Berserker on Apr 17, 2024.
             Was a High Priest of Trog.
             Slain by an 11-headed hydra (5 damage)
             ... on level 12 of the Dungeon.
             The game lasted 00:30:15 (9866 turns).

Curundu the Cleaver (Minotaur Berserker)            Turns: 9866, Time: 00:30:16

Health: -4/156     AC: 18    Str: 26    XL:     11   Next: 92%
Magic:  10/10      EV: 13    Int:  4    God:    Trog [*****.]
Gold:   1158       SH:  9    Dex: 10    Spells: 10/10 levels left

rFire   + . .        B - +1 war axe (elec)
rCold   + . .        q - +0 kite shield
rNeg    . . .        a - +0 plate armour
rPois   .            (helmet restricted)
rElec   .            x - scarf {rC+ rF+}
rCorr   .            (no gloves)
SInv    .            f - +2 pair of boots
Will    .....        s - amulet of the acrobat Stlth
                     y - +5 ring of evasion
HPRegen 0.46/turn    (no ring)
MPRegen 0.12/turn

%: acrobat
@: berserking, very quick
A: horns 2, retaliatory headbutt
a: Renounce Religion, Berserk, Trog's Hand, Brothers in Arms


You were on level 12 of the Dungeon.
You worshipped Trog.
Trog was extremely pleased with you.
You visited 1 branch of the dungeon, and saw 12 of its levels.

You collected 1158 gold pieces.

Inventory:

Hand Weapons
 B - a +1 war axe of electrocution (weapon)
Missiles
 v - 2 boomerangs (quivered)
Armour
 a - a +0 plate armour (worn)
 b - a +0 cloak
 f - a +2 pair of boots (worn)
 q - a +0 kite shield (worn)
 w - a scarf of invisibility
 x - a scarf of resistance (worn)
Jewellery
 s - an amulet of the acrobat (around neck)
 t - a ring of positive energy
 y - a +5 ring of evasion (left hand)
 z - a ring of see invisible
Wands
 l - a wand of polymorph (7)
 m - a wand of paralysis (22)
 o - a wand of digging (8)
 r - a wand of flame (15)
 C - a wand of mindburst (4)
Scrolls
 d - a scroll of brand weapon
 g - 4 scrolls of teleportation
 h - 3 scrolls of identify
 n - 7 scrolls of blinking
 u - 3 scrolls of fear
 F - a scroll of fog
Potions
 c - a potion of attraction {unknown}
 e - a potion of ambrosia
 i - a potion of heal wounds
 j - a potion of mutation
 k - 4 potions of curing
 p - a potion of resistance
 A - a potion of lignification
 D - 2 potions of invisibility
 E - 2 potions of might


   Skills:
 * Level 12.2 Fighting
 + Level 14.7 Axes
 + Level 10.2 Armour
 + Level 5.6 Dodging
 - Level 2.0 Stealth
 * Level 7.4 Shields


You had 10 spell levels left.
You didn't know any spells.
Your spell library was empty.

Dungeon Overview and Level Annotations

Branches:
Dungeon (12/15)            Temple (0/1) D:5            Lair (0/5) D:8
    Orc: D:9-12

Altars:
Trog
Xom
Yredelemnul

Annotations:
D:8 3 runed translucent doors, hawla's ghost, novice DEFE


Innate Abilities, Weirdness & Mutations

You have a pair of horns on your head.
You reflexively headbutt those who attack you in melee.


Message History

The ten-headed hydra bites you!
You hit the ten-headed hydra but do no damage.
The ten-headed hydra is severely wounded.
You block the ten-headed hydra's attack. x2
The ten-headed hydra bites you!
You block the ten-headed hydra's attack.
The ten-headed hydra bites you but does no damage.
The ten-headed hydra bites you.
The ten-headed hydra closely misses you.
The ten-headed hydra bites you. The ten-headed hydra bites you!
* * * LOW HITPOINT WARNING * * *
The ten-headed hydra bites you.
* * * LOW HITPOINT WARNING * * *
A red film seems to cover your vision as you go berserk!
You feel yourself moving faster!
You feel mighty!
You block the ten-headed hydra's attack.
The ten-headed hydra bites you.
* * * LOW HITPOINT WARNING * * *
The ten-headed hydra barely misses you. The ten-headed hydra bites you.
* * * LOW HITPOINT WARNING * * *
The ten-headed hydra bites you but does no damage.
The ten-headed hydra bites you!
* * * LOW HITPOINT WARNING * * *
The ten-headed hydra bites you.
* * * LOW HITPOINT WARNING * * *
The ten-headed hydra closely misses you.
You block the ten-headed hydra's attack.
The ten-headed hydra closely misses you.
You chop one of the ten-headed hydra's heads off!
The nine-headed hydra grows two more!
You slash the 11-headed hydra!
Lightning courses through the 11-headed hydra!
The 11-headed hydra is almost dead.
The 11-headed hydra bites you but does no damage. x2
The 11-headed hydra bites you!
* * * LOW HITPOINT WARNING * * *
The 11-headed hydra barely misses you. The 11-headed hydra bites you.
* * * LOW HITPOINT WARNING * * *
The 11-headed hydra bites you but does no damage.
The 11-headed hydra bites you.
You die...

#.#...###.#
#.#.#.....#
##.#.###...#
...#.##.##...#
...#.##..###...#
...#.##....###..
...#.##.##...###
.#...##.##.#...###
.###.##......#..@#
.###.##.##.#...##D#
...#.##.##...### e#
...#.##....### ##
...#.# ..### ...#.#
## ...#.# ..)#.#
##.#.#


You could see a 11-headed hydra and a deep elf zephyrmancer.

Vanquished Creatures
  3 two-headed ogres
  Pikel (D:5)
  3 ugly things (D:8)
  A cyclops (D:11)
  A komodo dragon (D:10)
  2 kobold demonologists (D:11)
  5 trolls
  2 hornets
  The ghost of mechdark the Insei, an amateur OpSh (D:4)
  Sigmund (D:2)
  A shadow (D:11)
  2 wyverns
  A vampire (D:10)
  11 yaks (D:9)
  Grum (D:8)
  A steam dragon (D:7)
  4 water moccasins
  3 orc warriors
  7 ice beasts
  3 sky beasts
  4 black bears
  2 wolves (D:8)
  2 ogres
  2 centaurs
  A phantom (D:5)
  2 kobold brigands
  2 gnoll sergeants
  4 bullfrogs
  4 scorpions
  12 wights
  18 killer bees
  8 howler monkeys
  2 electric eels (D:10)
  3 hounds
  A jelly (D:3)
  Crazy Yiuf (D:4)
  6 orc priests
  A sleepcap (D:7)
  3 iguanas
  Natasha (thrice) (D:2)
  9 orc wizards
  Robin (D:3)
  13 gnolls
  7 adders
  A shadow imp (D:5)
  A white imp (D:7)
  4 ribbon worms
  A dart slug (D:2)
  38 orcs
  3 bats
  9 endoplasms
  4 giant cockroaches
  14 goblins
  8 hobgoblins
  3 jackals (D:1)
  4 ball pythons
  3 frilled lizards (D:2)
  15 kobolds
  7 rats
280 creatures vanquished.

Notes
Turn   | Place    | Note
-------+----------+-------------------------------------------
     0 | D:1      | Curundu the Minotaur Berserker began the quest for the Orb.
     0 | D:1      | Reached XP level 1. HP: 19/19 MP: 0/0
   378 | D:1      | Reached XP level 2. HP: 22/27 MP: 1/1
   489 | D:1      | Reached skill level 4 in Axes
   722 | D:1      | Reached XP level 3. HP: 31/33 MP: 2/2
   802 | D:2      | Noticed Natasha
   814 | D:2      | Killed Natasha
   824 | D:2      | Noticed Natasha
   833 | D:2      | Killed Natasha
   834 | D:2      | Reached XP level 4. HP: 15/41 MP: 3/3
   931 | D:2      | Reached ** piety under Trog
   960 | D:2      | Noticed Natasha
   968 | D:2      | Killed Natasha
   969 | D:2      | Reached skill level 5 in Axes
  1031 | D:2      | Noticed Sigmund
  1048 | D:2      | Killed Sigmund
  1049 | D:2      | Reached skill level 5 in Fighting
  1049 | D:2      | Reached skill level 6 in Axes
  1049 | D:2      | Reached XP level 5. HP: 48/48 MP: 4/4
  1049 | D:2      | Reached XP level 6. HP: 56/56 MP: 5/5
  1109 | D:2      | Reached skill level 1 in Stealth
  1657 | D:3      | Noticed Robin
  1676 | D:3      | Reached *** piety under Trog
  1680 | D:3      | Killed Robin
  1926 | D:3      | You fall into a shaft and drop 1 floor!
  2210 | D:4      | Found a runed translucent door.
  2211 | D:4      | Noticed Crazy Yiuf
  2220 | D:4      | Killed Crazy Yiuf
  2221 | D:4      | Reached XP level 7. HP: 46/62 MP: 6/6
  2317 | D:4      | Found a runed translucent gate.
  2317 | D:4      | Identified the +8 chain mail "Poapsathel" {Str+2}
  2320 | D:4      | Found a runed translucent gate.
  2321 | D:4      | Found a runed translucent gate.
  2325 | D:4      | Noticed mechdark's ghost (amateur OpSh)
  2340 | D:4      | Reached skill level 7 in Axes
  2347 | D:4      | Killed mechdark's ghost
  2579 | D:5      | Entered Level 5 of the Dungeon
  2603 | D:5      | Reached skill level 8 in Axes
  2728 | D:5      | Found a staircase to the Ecumenical Temple.
  2834 | D:5      | Noticed Pikel
  2843 | D:5      | Killed Pikel
  2844 | D:5      | Reached skill level 9 in Axes
  2844 | D:5      | Reached skill level 5 in Armour
  2844 | D:5      | Reached XP level 8. HP: 68/73 MP: 7/7
  3139 | D:5      | Identified a scroll of acquirement
  3139 | D:5      | Acquired 616 gold pieces
  3437 | D:6      | Reached skill level 10 in Axes
  4059 | D:7      | Reached XP level 9. HP: 66/79 MP: 8/8
  4080 | D:7      | Reached **** piety under Trog
  4144 | D:7      | Reached skill level 11 in Axes
  4145 | D:7      | Reached skill level 5 in Dodging
  4693 | D:8      | Found a staircase to the Lair.
  4697 | D:8      | Reached skill level 1 in Shields
  4717 | D:8      | Reached skill level 12 in Axes
  4910 | D:8      | Noticed Grum
  4911 | D:8      | Reached XP level 10. HP: 52/91 MP: 9/9
  5634 | D:8      | Killed Grum
  5692 | D:8      | Found a runed translucent gate.
  5692 | D:8      | Found a runed translucent gate.
  5791 | D:8      | Found a shimmering altar of Xom.
  5791 | D:8      | Found a shimmering altar of Xom.
  5791 | D:8      | Found a shimmering altar of Xom.
  5791 | D:8      | Found a shimmering altar of Xom.
  5792 | D:8      | Found a shimmering altar of Xom.
  6055 | D:8      | Found a runed translucent gate.
  6058 | D:8      | Noticed a purple ugly thing
  6058 | D:8      | Noticed a cyan ugly thing
  6059 | D:8      | Noticed a white ugly thing
  6311 | D:8      | Found a runed translucent gate.
  6311 | D:8      | Found a runed translucent gate.
  6313 | D:8      | Killed a white ugly thing
  6316 | D:8      | Killed a white ugly thing
  6319 | D:8      | Killed a white ugly thing
  6320 | D:8      | Reached skill level 13 in Axes
  6334 | D:8      | Found a runed translucent gate.
  6335 | D:8      | Noticed an entropy weaver
  6336 | D:8      | Noticed hawla's ghost (novice DEFE)
  6336 | D:8      | a golden eye changed into a harpy
  6336 | D:8      | Noticed a harpy (shapeshifter)
  6392 | D:8      | Noticed a black mamba
  6396 | D:8      | an acid dragon changed into a sun moth
  6396 | D:8      | Noticed a sun moth (shapeshifter)
  6401 | D:8      | a sun moth changed into a naga
  6546 | D:9      | Paralysed by a hornet for 2 turns
  6558 | D:9      | Reached skill level 10 in Fighting
  6813 | D:9      | Found a faded altar of an unknown god.
  6824 | D:9      | Reached ***** piety under Trog
  6827 | D:9      | Reached XP level 11. HP: 67/101 MP: 10/10
  7266 | D:9      | Found a basalt altar of Yredelemnul.
  7266 | D:9      | Found a bloodstained altar of Trog.
  7437 | D:9      | Reached skill level 5 in Shields
  7564 | D:10     | Entered Level 10 of the Dungeon
  7651 | D:10     | Paralysed by a hornet for 1 turns
  7840 | D:10     | Reached skill level 14 in Axes
  8005 | D:10     | Noticed a two-headed ogre
  8013 | D:10     | Killed a two-headed ogre
  8713 | D:11     | Received a gift from Trog
  9050 | D:11     | Noticed a two-headed ogre
  9059 | D:11     | Killed a two-headed ogre
  9060 | D:11     | Reached skill level 10 in Armour
  9756 | D:12     | Noticed a two-headed ogre
  9764 | D:12     | Killed a two-headed ogre
  9856 | D:12     | Noticed a six-headed hydra
  9856 | D:12     | Noticed a deep elf zephyrmancer
  9866 | D:12     | HP: 5/156 [11-headed hydra (12)]
  9866 | D:12     | HP: 1/156 [11-headed hydra (4)]
  9866 | D:12     | Slain by an 11-headed hydra

Illustrated notes

Levels and vault maps discovered:
D:1:      grunt_arrival_lava_bath, layout_basic
D:2:      layout_rooms, uniq_natasha, uniq_sigmund
D:3:      layout_rooms, uniq_robin
D:4:      layout_cave_pools, biasface_ghost_orc_armoury,
          chequers_serial_rivers_marsh, uniq_crazy_yiuf_cottage
D:5:      layout_rooms, temple_doors_e, kennysheep_small_spiral, uniq_pikel
D:6:      layout_basic
D:7:      layout_rooms, serial_library_hellmonk_angled_corner
D:8:      layout_loops_ring, xom_shifter_show, due_lair_maze_entry_diamond,
          ploomutoo_gammafunk_ghost_potion_laboratory, uniq_grum
D:9:      layout_irregular_city, gammafunk_temple_overflow_elements,
          serial_column_ruins, column_ruins_hut_water,
          column_ruins_temple_circle, column_ruins_columns_corner,
          column_ruins_open_small, column_ruins_open_tiny,
          column_ruins_corridor_straight, column_ruins_open_tiny,
          column_ruins_columns_water, column_ruins_grid_1,
          minmay_misc_feat_nine_boxes
D:10:     minmay_twisted_water, layout_basic
D:11:     layout_gridville
D:12:     minmay_the_grid_triangle_9x9_recursive_3
          [minmay_the_grid_triangle_9x9_wacky_v,
          minmay_the_grid_triangle_9x9_cache,
          minmay_the_grid_triangle_9x9_stretched_checkered,
          minmay_the_grid_triangle_9x9_prize_top_heavy,
          minmay_the_grid_triangle_9x9_limited_checkers,
          minmay_the_grid_triangle_9x9_warning,
          minmay_the_grid_triangle_9x9_impossible_snake,
          minmay_the_grid_triangle_9x9_steps,
          minmay_the_grid_triangle_9x9_descending_squares], layout_basic,
          orc_0_dummy, nicolae_dithmenos_through_a_glass_darkly

Skill      XL: |  1  2  3  4  5  6  7  8  9 10 11 |
---------------+----------------------------------+-----
Fighting       | 4 5 7 9 10 12 | 12.2
Axes           | 4 6 9 10 12 13 14 | 14.7
Armour         | 3 5 6 7 9 10 | 10.2
Dodging        | 3 4 5 |  5.6
Stealth        | 1 2 |  2.0
Shields        | 2 4 7 |  7.4

Action                     |  1- 3 |  4- 6 |  7- 9 | 10-12 || total
---------------------------+-------+-------+-------+-------++-------
  Melee: Hand axe          |    46 |   112 |    44 |       ||   202
         Headbutt          |     7 |    19 |    32 |    44 ||   102
         Punch             |       |     1 |       |       ||     1
         War axe           |       |       |   153 |   291 ||   444
 Invoke: Berserk           |       |     2 |     3 |     4 ||     9
         Trog's Hand       |       |     2 |     3 |     4 ||     9
    Use: Scroll            |       |       |    16 |    10 ||    26
         Potion            |       |       |     1 |     1 ||     2
 Armour: Animal skin       |    31 |     9 |       |       ||    40
         Chain mail        |       |    68 |   155 |    61 ||   284
         Plate armour      |       |       |       |   172 ||   172
  Dodge: Dodged            |    37 |    64 |   168 |   241 ||   510
  Block: Kite shield       |       |       |    39 |   146 ||   185
